 Dungeon Crawl Stone Soup version 0.23.2-1-ga50397a6bc (webtiles) character file.

Game seed: 9791037222844554773

12474 Destapler the Fighter (level 11, -2/102 HPs)
             Began as a Minotaur Warper on May 25, 2019.
             Was a High Priest of Qazlal.
             Slain by an ogre
             ... wielding a +0 giant spiked club
              (35 damage)
             ... on level 2 of the Orcish Mines on May 26, 2019.
             The game lasted 03:03:11 (14020 turns).

Destapler the Fighter (Minotaur Warper)            Turns: 14020, Time: 03:03:12

Health: -2/102     AC: -5    Str: 19    XL:     11   Next: 62%
Magic:  15/15      EV: 15    Int: 10    God:    Qazlal [*****.]
Gold:   1048       SH:  6    Dex: 16    Spells: 14/16 levels left

rFire    . . .     SeeInvis .   B - +3 halberd (freeze)
rCold    . . .     Gourm    .   (shield currently unavailable)
rNeg     . . .     Faith    .   j - +4 ring mail
rPois    .         Spirit   .   (helmet restricted)
rElec    .         Reflect  .   L - +2 cloak {MR+}
rCorr    .         Harm     .   l - +0 pair of gloves
MR       ++...                  (no boots)
Stlth    +.........             (no amulet)
HPRegen  0.27/turn              b - ring of protection from magic
MPRegen  0.14/turn              q - +6 ring of dexterity

@: protected from physical damage, corroded, lightly drained, repel missiles
A: retaliatory headbutt, horns 2
a: Upheaval, Elemental Force, Disaster Area, Renounce Religion


You were on level 2 of the Orcish Mines.
You worshipped Qazlal.
Qazlal was extremely pleased with you.
You were not hungry.

You visited 3 branches of the dungeon, and saw 12 of its levels.

You collected 1048 gold pieces.

Inventory:

Hand Weapons
 s - a +2 flail of draining
 B - a +3 halberd of freezing (weapon)
Missiles
 c - 439 stones (quivered)
 e - 2 tomahawks of dispersal
 o - 13 tomahawks
 y - 64 sling bullets
 M - 4 tomahawks of returning
Armour
 j - a +4 ring mail (worn)
 l - a +0 pair of gloves (worn)
 z - a +0 shield
 L - a +2 cloak of magic resistance (worn)
 O - a +1 chain mail of poison resistance
Jewellery
 b - a ring of protection from magic (left hand)
 g - an uncursed ring of protection from magic
 q - a +6 ring of dexterity (right hand)
 D - a +4 ring of dexterity
Wands
 x - a wand of iceblast (10)
 E - a wand of random effects (22)
 G - a wand of paralysis (4)
 I - a wand of digging (3)
Scrolls
 a - a scroll of fear {unknown}
 d - 3 scrolls of blinking
 i - a scroll of magic mapping
 k - 3 scrolls of remove curse
 m - a scroll of identify
 n - a scroll of teleportation
 t - a scroll of enchant armour
 u - 2 scrolls of enchant weapon
 w - a scroll of silence {unknown}
 A - 3 scrolls of amnesia
 F - 2 scrolls of fog
Potions
 h - 4 potions of curing {unknown}
 p - a potion of flight {unknown}
 v - a potion of mutation {unknown}
 C - 2 potions of magic {unknown}
 H - a potion of invisibility {unknown}
 J - a potion of might {unknown}
Comestibles
 f - 6 rations


   Skills:
 + Level 11.2(10.8) Fighting
 - Level 4.3(3.9) Maces & Flails
 + Level 8.3(7.9) Polearms
 - Level 5.6(5.2) Throwing
 + Level 9.4(8.9) Armour
 - Level 6.4(6.1) Dodging
 - Level 3.1(2.7) Shields
 - Level 3.0(2.6) Spellcasting
 - Level 3.0(2.6) Translocations
 * Level 7.3(6.9) Invocations


You had 14 spell levels left.
You knew the following spells:

 Your Spells              Type           Power        Failure   Level  Hunger
a - Blink                 Tloc           N/A          24%         2    ###....

Your spell library contained the following spells:

 Spells                   Type           Power        Failure   Level  Hunger
 Shroud of Golubria       Chrm/Tloc      #.........   38%         2    ###....
 Confusing Touch          Hex            #.....       43%         1    ##.....
 Magic Dart               Conj           #...         43%         1    ##.....
 Sting                    Conj/Pois      #...         43%         1    ##.....
 Gell's Gravitas          Tloc           #.........   43%         3    ####...
 Lesser Beckoning         Tloc           #.........   43%         3    ####...
 Teleport Other           Tloc           #.......     43%         3    ####...
 Call Imp                 Summ           #.......     56%         2    ###....
 Poisonous Vapours        Pois/Air       #.....       56%         2    ###....
 Slow                     Hex            #.......     56%         2    ###....
 Confuse                  Hex            #.......     80%         3    ####...
 Conjure Flame            Conj/Fire      #.......     80%         3    ####...
 Mephitic Cloud           Conj/Pois/Air  #.......     80%         3    ####...
 Passage of Golubria      Tloc           N/A          83%         4    #####..
 Olgreb's Toxic Radiance  Pois           #.......     99%         4    #####..
 Petrify                  Tmut/Erth      #.......     99%         4    #####..
 Metabolic Englaciation   Hex/Ice        #.........   100%        5    ######.
 Venom Bolt               Conj/Pois      #.........   100%        5    ######.
 Yara's Violent Unravell  Hex/Tmut       #.........   100%        5    ######.


Dungeon Overview and Level Annotations

Branches:
Dungeon (9/15)             Temple (1/1) D:5             Orc (2/2) D:9
   Lair: D:8-11         Elf: Orc:2

Altars:
Ashenzari
Dithmenos
Elyvilon
Fedhas
Gozag
Hepliaklqana
Kikubaaqudgha
Makhleb
Nemelex Xobeh
Okawaru
Qazlal
Ru
Sif Muna
Trog
Uskayaw
Vehumet
Wu Jian
Xom
Yredelemnul
Zin
The Shining One

Annotations:
D:3 exclusion: downstairs
D:8 Gastronok
Orc:2 Snorg


Innate Abilities, Weirdness & Mutations

You reflexively headbutt those who attack you in melee.
You have a pair of horns on your head.


Message History

You headbutt the orc warrior, but do no damage.
The orc warrior hits you with a +0 long sword.
You hit the orc warrior but do no damage.
The ogre misses you. You furiously retaliate!
You headbutt the ogre. The orc warrior misses you. You furiously retaliate!
You headbutt the orc warrior, but do no damage.
You hit the orc warrior but do no damage.
Your headbutt misses the orc warrior. The orc warrior closely misses you.
You hit the orc warrior but do no damage.
You headbutt the orc warrior, but do no damage.
The ogre closely misses you. You furiously retaliate!
You headbutt the ogre, but do no damage.
The orc warrior hits you with a +0 long sword!
You feel more protected from physical attacks.
You hit the ogre but do no damage.
You headbutt the ogre, but do no damage.
The ogre is lightly wounded.
Snorg the Insatiable comes into view.
The ogre hits you with a +0 giant spiked club!!
You die...

..)..#...........###.......[..)..
#)..W...........##......##.......
)..(...(...............####.....#
.)...................### ##...##
.##..............##### #####
####..#####...##### # ####
#8.8#...# .# ##+##...# (.# #
#@###'###+ # .# #oO....... # ..#
#..☼.#### #.... #....# #....
#.T....'..# ..# #.####.#..# ..#
... .#### .### .... .# .(. ..⌠ .


You could see Snorg, an orc warrior and an ogre.

Vanquished Creatures
  Josephine (Orc:2)
  4 two-headed ogres (Orc:2)
  An orc sorcerer (D:9)
  Maurice (D:8)
  A troll (D:9)
  4 hippogriffs
  4 wraiths (Orc:2)
  2 wargs
  2 two-headed ogre zombies (D:9)
  A water moccasin (D:8)
  5 ice beasts
  12 orc warriors
  2 phantoms (D:8)
  6 sky beasts
  9 ogres
  7 centaurs
  A big kobold (D:5)
  A bullfrog (D:7)
  2 scorpions
  2 troll zombies (D:9)
  4 killer bees (D:8)
  A wight (D:8)
  3 howler monkeys
  A centaur zombie (D:5)
  3 crimson imps
  3 bullfrog zombies
  5 hounds
  14 orc wizards
  8 orc priests
  A bullfrog skeleton (D:5)
  3 jellies
  3 centaur skeletons
  7 iguanas
  6 worker ants
  4 ogre zombies (D:9)
  A hound zombie (D:7)
  12 gnolls
  12 adders
  A shadow imp (D:9)
  An ooze (D:2)
  An adder zombie (D:5)
  An adder skeleton (D:8)
  3 worms
  A dart slug (D:1)
  5 leopard geckos
  74 orcs
  4 giant cockroaches
  8 goblins
  17 hobgoblins
  10 jackals
  5 quokkas
  6 bats
  8 frilled lizards
  A goblin skeleton (D:9)
  2 goblin zombies (D:9)
  A hobgoblin skeleton (D:9)
  5 hobgoblin zombies (D:9)
  39 kobolds
  2 leopard gecko skeletons
  3 orc skeletons (D:9)
  13 orc zombies (D:9)
  7 rats
  2 plants (D:1)
379 creatures vanquished.

Notes
Turn   | Place    | Note
-------+----------+-------------------------------------------
     0 | D:1      | Destapler the Minotaur Warper began the quest for the Orb.
     0 | D:1      | Reached XP level 1. HP: 18/18 MP: 1/1
   367 | D:1      | Reached XP level 2. HP: 25/25 MP: 1/3
  1039 | D:1      | Reached XP level 3. HP: 27/30 MP: 4/4
  1449 | D:2      | Reached skill level 3 in Fighting
  1707 | D:3      | Learned a level 2 spell: Blink
  1723 | D:2      | Reached XP level 4. HP: 38/38 MP: 5/5
  2400 | D:2      | You fall through a shaft!
  2857 | D:3      | Reached XP level 5. HP: 39/45 MP: 6/6
  3438 | D:3      | Found a deep blue altar of Sif Muna.
  3659 | D:4      | Reached skill level 1 in Maces & Flails
  3710 | D:4      | Noticed an ogre
  3805 | D:4      | Reached XP level 6. HP: 46/52 MP: 8/8
  4014 | D:4      | Reached skill level 4 in Fighting
  4217 | D:4      | Reached XP level 7. HP: 37/60 MP: 9/9
  4678 | D:4      | Reached skill level 5 in Fighting
  4822 | D:5      | Entered Level 5 of the Dungeon
  5183 | D:5      | Reached XP level 8. HP: 68/70 MP: 9/11
  5223 | D:5      | Reached skill level 6 in Fighting
  5277 | D:5      | Found a staircase to the Ecumenical Temple.
  5283 | Temple   | Entered the Ecumenical Temple
  5547 | Temple   | Became a worshipper of Qazlal Stormbringer
  6079 | D:5      | Reached * piety under Qazlal
  6251 | D:5      | Reached skill level 7 in Fighting
  6252 | D:5      | Reached skill level 5 in Armour
  6387 | D:5      | Reached skill level 5 in Dodging
  6495 | D:5      | Reached ** piety under Qazlal
  6925 | D:6      | Reached XP level 9. HP: 62/79 MP: 12/12
  7015 | D:6      | Found a hide-covered altar of Uskayaw.
  7058 | D:6      | Found a white marble altar of Elyvilon.
  7125 | D:6      | Found an ancient bone altar of Kikubaaqudgha.
  7277 | D:7      | Reached skill level 8 in Fighting
  7491 | D:7      | Reached skill level 5 in Throwing
  7930 | D:7      | Found an ornate altar of the Wu Jian Council.
  7931 | D:7      | Found a blossoming altar of Fedhas.
  8144 | D:8      | Reached skill level 9 in Fighting
  8144 | D:8      | Reached skill level 5 in Polearms
  8290 | D:8      | Reached XP level 10. HP: 78/91 MP: 13/13
  8484 | D:8      | Reached *** piety under Qazlal
  8630 | D:8      | Reached skill level 1 in Invocations
  8640 | D:8      | Noticed Gastronok
  8684 | D:8      | Reached skill level 1 in Shields
  8845 | D:8      | Noticed Maurice
 10013 | D:9      | Reached **** piety under Qazlal
 10088 | D:9      | Found a staircase to the Orcish Mines.
 10221 | D:9      | Found a hazy altar of Hepliaklqana.
 10445 | Orc:1    | Entered Level 1 of the Orcish Mines
 10455 | Orc:1    | Noticed an orc sorcerer
 10462 | D:9      | Reached skill level 10 in Fighting
 10848 | D:9      | Killed an orc sorcerer
 11040 | D:9      | HP: 4/93 [orc warrior/+0 war axe (15)]
 11422 | D:8      | Killed Maurice
 11649 | D:9      | Found a shattered altar of Ashenzari.
 12434 | Orc:2    | Entered Level 2 of the Orcish Mines
 12436 | Orc:2    | Noticed a two-headed ogre
 12442 | Orc:1    | Reached skill level 5 in Invocations
 12742 | Orc:2    | Reached XP level 11. HP: 63/101 MP: 14/14
 12744 | Orc:2    | Killed a two-headed ogre
 12981 | Orc:2    | Noticed a two-headed ogre
 12995 | Orc:2    | Noticed a two-headed ogre
 12996 | Orc:2    | Killed a two-headed ogre
 13005 | Orc:2    | Killed a two-headed ogre
 13468 | Orc:2    | Noticed a two-headed ogre
 13481 | Orc:2    | Killed a two-headed ogre
 13481 | Orc:2    | Reached skill level 11 in Fighting
 13706 | Orc:2    | Noticed Josephine
 13720 | Orc:2    | Killed Josephine
 13972 | Orc:2    | Reached ***** piety under Qazlal
 13982 | Orc:2    | Noticed an orc high priest
 14020 | Orc:2    | Noticed Snorg
 14020 | Orc:2    | Slain by an ogre

Skill      XL: |  1  2  3  4  5  6  7  8  9 10 11 |
---------------+----------------------------------+-----
Polearms       | 3 5 7 8 |  8.3
Fighting       | 3 4 5 7 9 10 11 | 11.2
Armour         | 2 3 4 5 6 8 9 |  9.4
Throwing       | 2 3 4 5 |  5.6
Dodging        | 3 4 5 6 |  6.4
Spellcasting   | 2 3 |  3.0
Maces & Flails | 1 2 3 4 |  4.3
Translocations | 3 |  3.0
Invocations    | 5 7 |  7.3
Shields        | 3 |  3.1

Action                   |  1- 3 |  4- 6 |  7- 9 | 10-12 || total
-------------------------+-------+-------+-------+-------++-------
Melee: Spear             |   208 |    56 |       |       ||   264
       Headbutt          |    39 |    29 |    50 |    78 ||   196
       Flail             |       |   117 |   159 |       ||   276
       Halberd           |       |       |   107 |   395 ||   502
 Fire: Shortbow          |       |       |     7 |       ||     7
Throw: Stone             |    63 |    88 |   214 |   164 ||   529
       Tomahawk          |     3 |       |       |    29 ||    32
Invok: Upheaval          |       |       |       |     3 ||     3
       Elemental Force   |       |       |       |     1 ||     1
Evoke: Wand              |       |       |       |     3 ||     3
  Use: Scroll            |     2 |     5 |     4 |     4 ||    15
       Potion            |       |       |       |     1 ||     1
  Eat: Chunk             |     3 |     4 |    10 |    14 ||    31
       Ration            |       |     1 |     1 |     2 ||     4
Armor: Leather armour    |     8 |       |       |       ||     8
       Ring mail         |    19 |    69 |   112 |   110 ||   310
Dodge: Dodged            |    44 |   117 |   191 |   232 ||   584
       Deflected         |       |       |       |     1 ||     1
Block: Other             |       |       |    16 |    87 ||   103
